AoeStats
← Ramms

Team Islands

503635908Analyzed
2v2 RM · 1mo ago on Sep 1, 2026· 18m 35s· 4 players
Game mode
Random Map
Map size
185×185
Population
200
Speed
Normal
Resources
Standard
Victory
Conquest
Starting age
Dark Age
Ending age
Imperial Age
RankedLock teamsTeams togetherTeam positionsShared explorationLock speedFull tech treeHidden civsTurbo modeCheats
Victory
Defeat
1075
+15
🇫🇷 Franks · France
1069
+16
🇪🇸 Vikings · Spain
1065
-16
🇪🇸 Romans · Spain
1062
-16
Gag0
4:08 Loom
11:30 Feudal Age
13:06 Double-Bit Axe
13:54 Fletching
14:08 Gold Mining
14:04 Horse Collar
Ramms
6:06 Loom
9:55 Feudal Age
13:08 Double-Bit Axe
14:38 Gold Mining
17:07 Castle Age
15:24 Scale Mail Armor
14:47 Man-at-Arms
16:28 Forging
16:40 Horse Collar
18:27 Long Swordsman
Doña Cheyen
8:10 Loom
10:35 Feudal Age
11:34 Double-Bit Axe
21:11 Castle Age
Ignatius Pennyworth IX
11:09 Feudal Age
12:10 Loom
15:10 Castle Age
13:44 Double-Bit Axe
14:08 Fishing Lines
17:05 Bow Saw
17:06 Fletching
Connection lost

Rejoining the realm…

Still unreachable

The connection could not be restored.

Session expired

The server has moved on; the page needs a fresh start.